 Dungeon Crawl Stone Soup version 0.30.0-13-g156ef70053 (webtiles) character file.

Game seed: 10775867599543613553

46468 NateTC the Warrior (level 14, -6/138 HPs)
             Began as a Hill Orc Fighter on May 17, 2023.
             Was the Champion of Beogh.
             Killed by divine providence
             ... invoked by an orc high priest
              (15 damage)
             ... on level 2 of the Orcish Mines.
             The game lasted 00:39:58 (15875 turns).

NateTC the Warrior (Hill Orc Fighter)              Turns: 15875, Time: 00:39:59

Health: -6/138     AC: 36    Str: 24    XL:     14   Next: 37%
Magic:  24/24      EV: 12    Int:  8    God:    Beogh [******]
Gold:   542        SH:  6    Dex: 10    Spells: 13/13 levels left

rFire   + . .        C - +0 broad axe (protect)
rCold   . . .        c - +0 buckler
rNeg    . . .        o - +2 plate armour {rF+}
rPois   .            b - +1 helmet {SInv}
rElec   .            s - +0 cloak
rCorr   .            S - +2 pair of gloves "Qufuivish" {SInv}
SInv    +            f - +0 pair of boots
Will    +....        O - amulet of regeneration Stlth
                     t - +4 ring of protection
HPRegen 1.23/turn    P - +5 ring of evasion
MPRegen 0.19/turn

%: no passive effects
@: under a protective aura, studying Invocations
A: walk on water
a: Renounce Religion, Smiting, Recall Orcish Followers, Give Item to Named
Follower, Resurrection


You were on level 2 of the Orcish Mines.
You worshipped Beogh.
Beogh was exalted by your worship.
You visited 3 branches of the dungeon, and saw 18 of its levels.

You collected 1064 gold pieces.
You spent 522 gold pieces at shops.

Inventory:

Hand Weapons
 a - a +1 war axe of freezing
 C - a +0 broad axe of protection (weapon)
Missiles
 r - a throwing net (quivered)
Armour
 b - a +1 helmet of see invisible (worn)
 c - a +0 buckler (worn)
 f - a +0 pair of boots (worn)
 m - the +0 leather armour "Inkaic" {rF+++ Str+4 Int-3}
   (You found it on level 5 of the Dungeon)

   Str:       It affects your strength (+4).
   Int:       It affects your intelligence (-3).
   rF:        It renders you almost immune to fire.
 o - a +2 plate armour of fire resistance (worn)
 s - a +0 cloak (worn)
 S - the +2 pair of gloves "Qufuivish" (worn) {SInv}
   (You found it on level 2 of the Lair of Beasts)

   SInv:      It lets you see invisible.
Jewellery
 t - a +4 ring of protection (left hand)
 u - a ring of ice
 w - a ring of see invisible
 x - a ring of flight
 I - a ring of fire
 J - a ring of ice
 K - a +6 ring of dexterity
 O - an amulet of regeneration (around neck)
 P - a +5 ring of evasion (right hand)
 Q - an amulet of guardian spirit
 T - a +6 ring of dexterity
 Y - the ring of Firin {Contam rElec rN+++ Dex+6 Slay+3}
   (You found it on level 5 of the Lair of Beasts)

   [ring of dexterity]

   Dex:       It affects your dexterity (+6).
   Slay:      It affects your accuracy & damage with ranged weapons and melee
   (+3).
   rElec:     It insulates you from electricity.
   rN:        It renders you almost immune to negative energy.
   Contam:    It causes magical contamination when unequipped.
Wands
 j - a wand of flame (14)
 v - a wand of light (7)
 y - a wand of mindburst (15)
 D - a wand of iceblast (17)
 M - a wand of polymorph (7)
 X - a wand of charming (5)
Scrolls
 g - 4 scrolls of brand weapon
 l - 3 scrolls of immolation
 A - a scroll of identify
 F - a scroll of fear
 H - 6 scrolls of teleportation
 N - a scroll of blinking
 U - a scroll of amnesia
 V - a scroll of fog
 W - a scroll of enchant armour
Potions
 d - 4 potions of might
 e - a potion of heal wounds
 h - 6 potions of mutation
 i - 3 potions of flight
 k - 7 potions of ambrosia
 n - 3 potions of magic
 p - 9 potions of curing
 q - 3 potions of brilliance
 z - 5 potions of haste
 B - 2 potions of resistance
 E - 3 potions of lignification
 G - 2 potions of berserk rage
 R - 2 potions of attraction
Miscellaneous
 L - a phial of floods (inert)


   Skills:
 - Level 16.6 Fighting
 - Level 16.0 Axes
 - Level 10.4 Armour
 * Level 2.1 Dodging
 - Level 10.3 Shields
 + Level 14.4 Invocations
 + Level 6.2 Evocations


You had 13 spell levels left.
You didn't know any spells.
Your spell library contained the following spells:

 Spells                   Type           Power      Damage    Failure   Level
 Apportation              Tloc           0%         N/A       99%         1
 Beastly Appendage        Tmut           0%         N/A       99%         1
 Magic Dart               Conj           0%         1d3       99%         1
 Necrotise                Necr           0%         1d4       99%         1
 Summon Small Mammal      Summ           0%         N/A       99%         1
 Blink                    Tloc           0%         N/A       100%        2
 Cigotuvi's Dreadful Rot  Necr/Pois/Air  0%         N/A       100%        2
 Ensorcelled Hibernation  Hex/Ice        0%         N/A       100%        2
 Passwall                 Tmut/Erth      0%         N/A       100%        2
 Searing Ray              Conj           0%         2d4       100%        2
 Wereblood                Tmut           0%         N/A       100%        2
 Dazzling Flash           Conj/Hex       0%         N/A       100%        3
 Ignite Poison            Fire/Tmut/Pois 0%         N/A       100%        3
 Inner Flame              Hex/Fire       0%         N/A       100%        3
 Spider Form              Tmut/Pois      0%         N/A       100%        3
 Swiftness                Air            0%         N/A       100%        3
 Vhi's Electric Charge    Tloc/Air       0%         N/A       100%        3
 Flame Wave               Conj/Fire      0%         2d4       100%        4
 Fulminant Prism          Conj/Hex       0%         3d5       100%        4
 Manifold Assault         Tloc           0%         N/A       100%        4
 Sticky Flame             Conj/Fire      0%         2d3       100%        4
 Agony                    Necr           0%         N/A       100%        5
 Alistair's Intoxication  Tmut/Pois      0%         N/A       100%        5
 Arcjolt                  Conj/Air       0%         1d10      100%        5
 Borgnjor's Vile Clutch   Necr/Erth      0%         N/A       100%        5
 Freezing Cloud           Conj/Ice/Air   0%         6-21      100%        5
 Silence                  Hex/Air        0%         N/A       100%        5
 Eringya's Noxious Bog    Tmut/Pois      0%         N/A       100%        6
 Storm Form               Tmut/Air       0%         N/A       100%        7
 Borgnjor's Revivificati  Necr           0%         N/A       100%        8
 Maxwell's Capacitive Co  Air            0%         ∞         100%        8
 Necromutation            Tmut/Necr      0%         N/A       100%        8
 Death's Door             Necr           0%         N/A       100%        9


Dungeon Overview and Level Annotations

Branches:
Dungeon (11/15) Zot: 25586  Temple (0/1) D:5            Lair (5/5) D:11 Zot: 25179
  Swamp (0/4) Lair:2       Spider (0/4) Lair:3        Slime (0/5) Lair:5
    Orc (2/2) D:9 Zot: 11695
    Elf: Orc:2

Altars:
Ashenzari
Fedhas
Hepliaklqana
Trog

Shops:
D:4 **=   D:10 *

Portals:
Abyss: Lair:4

Annotations:
D:3 2 runed translucent doors, esper6's ghost, amateur GnIE
D:8 5 runed translucent doors
Lair:1 3 runed translucent doors, Chucky's ghost, novice DrCj
Lair:4 2 transporters, Raneoc's ghost, journeyman MiFi
Orc:2 Saint Roka


Message History

You are too injured to fight recklessly!
You are too injured to fight recklessly!
You are too injured to fight recklessly!
You are too injured to fight recklessly!
Aim the phial where?
Press: ? - help, Shift-Dir - straight line, f - Saint Roka
Aim: Saint Roka, wielding a +2 great sword of holy wrath and wearing a +0 chain mail (moderately wounded, strong, covered in acid, lightly drained, ally target)
The torrent of water hits Saint Roka!!
Saint Roka is heavily wounded.
Saint Roka is knocked back by the torrent of water.
Saint Roka is engulfed in water.
The wave splashes down.
Your orc wizard is engulfed in water.
The orc warrior is engulfed in water.
Oreg is engulfed in water.
The sixfirhy is engulfed in water.
You hear a shout! x9
The orc knight unwields a +0 arbalest.
The orc knight wields a +0 great mace.
The orc knight hits you with a +0 great mace!!
* * * LOW HITPOINT WARNING * * *
You block the orange demon's attack.
An orc knight comes into view. It is wielding a +0 arbalest.
The orc warrior shoots a bolt.
The bolt hits you.
* * * LOW HITPOINT WARNING * * *
Morbeogh throws a boomerang.
The boomerang hits Saint Roka.
An orc wizard comes into view. It is wielding a +0 dagger.
The orc wizard falls on its knees before you.
Oreg splashes around in the water.
The orc wizard hits your orc wizard with a +0 dagger.
The orc high priest utters an invocation to Beogh.
The orc sorcerer hits your orc wizard with a +0 dagger.
Your orc wizard barely misses Saint Roka.
Your orc priest closely misses the chaos spawn.
Okay, then.
You swap places.
The orc knight hits you with a +0 great mace!
* * * LOW HITPOINT WARNING * * *
The orc high priest calls down the wrath of Beogh upon you.
Beogh smites you!
You die...
Beogh appreciates the orc high priest's killing of a heretic priest.

#........oo.##....
###........##.###.##
##.#......o.####
#### # #.....o##..##
##.###......##.# #
#........o..o..# #.
##......###.#.## #..
###.#.o.###### .#. #
#..@o.#


#oooo.# #8o438# #~oo.o# #oooo.# ....4o) ..o.o.o)o ......oo... ...o...)..... You
could see Saint Roka (strong, corroded, drained, waterlogged, ally target), 2
orc knights, an orc high priest (strong), an orange demon (summoned), a sixfirhy
(summoned, waterlogged), a chaos spawn (summoned), 2 orc sorcerers, 2 orc
warriors, 2 orc wizards, the friendly Morbeogh the orc knight, 5 friendly orc
warriors, the friendly Oreg the orc warrior (strong, waterlogged), a friendly
orc priest (strong), a friendly orc wizard (strong, waterlogged) and 2 friendly
orcs.

Vanquished Creatures
  Snorg (D:10)
  A hydra (D:9)
  A death knight (D:11)
  3 two-headed ogres
  8 death yaks
  Amaemon (Lair:3)
  2 oklob plants (Lair:1)
  2 black mambas
  7 elephants
  Joseph (D:7)
  6 cane toads
  A rime drake (Lair:5)
  4 komodo dragons
  A queen bee (Orc:1)
  A troll (D:9)
  2 polar bears (Lair:5)
  3 dream sheep (Lair:4)
  A spectral dream sheep (Lair:2)
  5 blink frogs
  A culicivora (Lair:3)
  A jumping spider (Lair:3)
  A spectral black mamba (Lair:2)
  5 wyverns
  37 yaks
  A basilisk (shapeshifter) (D:9)
  A redback (Lair:3)
  4 basilisks
  2 steam dragons
  2 wargs (Orc:1)
  9 water moccasins
  A black bear (D:10)
  2 orc warriors
  2 sky beasts (D:6)
  An ogre (D:7)
  8 wolves
  8 centaurs
  A phantom (D:6)
  4 bullfrogs
  2 scorpions
  6 wights (D:8)
  32 killer bees
  6 howler monkeys
  6 hounds
  2 jellies
  7 orc priests
  A gnoll bouda (D:5)
  5 iguanas
  3 orc wizards
  A hell rat (Lair:4)
  9 gnolls (D:5)
  10 adders
  4 white imps
  A worm (D:2)
  3 dart slugs
  23 orcs
  4 bats
  4 endoplasms
  4 giant cockroaches
  8 goblins
  9 hobgoblins
  7 jackals
  7 kobolds
  4 quokkas (D:4)
  10 ball pythons
  2 frilled lizards
  6 rats
328 creatures vanquished.

Vanquished Creatures (collateral kills)
  An orc warlord (Orc:2)
  4 hydras
  A ghost crab (Lair:2)
  2 catoblepae (Lair:5)
  5 death yaks
  A deep troll shaman (Lair:5)
  2 skysharks
  A spectral hydra (Lair:2)
  A lindwurm (Lair:5)
  An orc knight (Orc:2)
  An orc sorcerer (Orc:2)
  4 elephants
  2 black mambas (Lair:5)
  6 cane toads
  A torpor snail (Lair:5)
  An orange demon (Lair:3)
  5 komodo dragons
  2 rime drakes (Lair:3)
  2 trolls (Orc:2)
  7 blink frogs
  3 dream sheep (Lair:4)
  A culicivora (Lair:3)
  A spectral black mamba (Lair:2)
  A jumping spider (Lair:3)
  14 yaks
  An acid dragon (D:11)
  8 water moccasins
  A floating eye (Lair:1)
  2 orc warriors (Orc:2)
  A spectral blink frog (Lair:2)
  3 centaurs (D:11)
  A spectral rime drake (Lair:2)
  4 wolves
  An ogre (Orc:2)
  2 bullfrogs
  A gnoll bouda (D:10)
  3 hell rats (Lair:4)
  3 gnolls (D:10)
  2 orcs
  2 butterflies (Lair:2)
105 creatures vanquished.

Vanquished Creatures (others)
  An orc knight (Lair:5)
  An orc sorcerer (Orc:2)
  4 orc warriors (Orc:2)
  5 orc priests
  6 orc wizards
  An adder (D:2)
  11 orcs
29 creatures vanquished.

Grand Total: 462 creatures vanquished

Notes
Turn   | Place    | Note
-------+----------+-------------------------------------------
     0 | D:1      | NateTC the Hill Orc Fighter began the quest for the Orb.
     0 | D:1      | Reached XP level 1. HP: 19/19 MP: 1/1
   278 | D:1      | Reached XP level 2. HP: 25/26 MP: 2/2
   486 | D:1      | Reached XP level 3. HP: 31/31 MP: 3/3
  1019 | D:2      | Found a faded altar of an unknown god.
  1026 | D:2      | Reached skill level 5 in Axes
  1102 | D:2      | Reached XP level 4. HP: 38/39 MP: 4/4
  1280 | D:2      | Became a worshipper of Beogh the Brigand
  1997 | D:3      | Found a runed translucent door.
  1997 | D:3      | Noticed esper6's ghost (amateur GnIE)
  2072 | D:3      | Found a runed translucent door.
  2214 | D:3      | Reached skill level 1 in Invocations
  2334 | D:3      | Reached XP level 5. HP: 46/46 MP: 5/5
  2575 | D:4      | Found Zerhyidd's General Store.
  2579 | D:4      | Found Cehilupp's Specific Store.
  2583 | D:4      | Bought a potion of heal wounds for 60 gold pieces
  2660 | D:4      | Reached * piety under Beogh
  2699 | D:4      | Reached skill level 5 in Fighting
  2744 | D:4      | Found a hazy altar of Hepliaklqana.
  2771 | D:4      | Reached XP level 6. HP: 44/56 MP: 6/8
  3199 | D:4      | Found Xuufyoca's Jewellery Shop.
  3389 | D:5      | Entered Level 5 of the Dungeon
  3442 | D:5      | Identified the +0 leather armour "Inkaic" {rF+++ Str+4
                  | Int-3}
  3594 | D:5      | Reached XP level 7. HP: 53/64 MP: 9/9
  3857 | D:5      | Found a staircase to the Ecumenical Temple.
  3868 | D:5      | Reached skill level 5 in Invocations
  4340 | D:5      | Identified a scroll of acquirement
  4340 | D:5      | Acquired a manual of Invocations
  4437 | D:6      | Reached XP level 8. HP: 64/73 MP: 12/12
  4468 | D:6      | Noticed a wyvern
  4476 | D:6      | Killed a wyvern
  4817 | D:6      | Reached ** piety under Beogh
  4928 | D:6      | Reached skill level 5 in Armour
  4928 | D:6      | Reached skill level 5 in Shields
  5062 | D:7      | Found a blossoming altar of Fedhas.
  5431 | D:7      | Noticed Joseph
  5444 | D:7      | Reached XP level 9. HP: 40/79 MP: 14/16
  5453 | D:7      | Killed Joseph
  5454 | D:7      | Reached skill level 10 in Invocations
  6296 | D:8      | Found a broken altar of Ashenzari.
  6371 | D:8      | Reached skill level 10 in Axes
  6553 | D:8      | Found the +9 staff of Olgreb {rPois∞}
  6556 | D:8      | Found a runed translucent door.
  6572 | D:8      | Found a runed translucent gate.
  6572 | D:8      | Found a runed translucent gate.
  6573 | D:8      | Found a runed translucent door.
  6583 | D:8      | Found a runed translucent gate.
  6609 | D:8      | Reached *** piety under Beogh
  6787 | D:8      | Reached XP level 10. HP: 51/90 MP: 19/19
  7401 | D:9      | Noticed a seven-headed hydra
  7408 | D:9      | Killed a seven-headed hydra
  7603 | D:9      | Noticed a two-headed ogre
  7612 | D:9      | Killed a two-headed ogre
  7613 | D:9      | Reached skill level 10 in Fighting
  7734 | D:9      | Noticed a two-headed ogre
  7745 | D:9      | Killed a two-headed ogre
  7802 | D:9      | Found a bloodstained altar of Trog.
  7925 | D:9      | Reached XP level 11. HP: 89/102 MP: 20/20
  8208 | D:9      | Found a staircase to the Orcish Mines.
  8415 | D:10     | Entered Level 10 of the Dungeon
  8453 | D:10     | Found Plog's General Store.
  8676 | D:10     | Noticed a two-headed ogre
  8743 | D:10     | Killed a two-headed ogre
  9150 | D:10     | Bought a scroll of teleportation for 42 gold pieces
  9266 | D:11     | Noticed Snorg
  9268 | D:11     | Noticed a death yak
  9293 | D:10     | Killed Snorg
  9294 | D:10     | Reached skill level 1 in Evocations
  9626 | D:10     | Killed a death yak
  9708 | D:11     | Reached **** piety under Beogh
  9877 | D:11     | Found a staircase to the Lair.
  9914 | D:11     | Noticed Urug
  9951 | D:11     | Noticed a death knight
  9971 | D:11     | Killed a death knight
 10582 | Lair:1   | Entered Level 1 of the Lair of Beasts
 10709 | D:10     | Bought an amulet of regeneration for 420 gold pieces
 10788 | Lair:1   | Found a runed translucent gate.
 10789 | Lair:1   | Found a runed translucent gate.
 10790 | Lair:1   | Found a runed translucent gate.
 10791 | Lair:1   | Noticed Chucky's ghost (novice DrCj)
 10820 | Lair:1   | Paralysed by a floating eye for 3 turns
 10824 | Lair:1   | Noticed an oklob plant
 10826 | Lair:1   | Noticed an oklob plant
 11020 | Lair:1   | Killed an oklob plant
 11021 | Lair:1   | Reached XP level 12. HP: 62/110 MP: 21/21
 11197 | Lair:1   | Reached skill level 5 in Evocations
 11852 | Lair:2   | Gained Boderik as an ally
 11881 | Lair:2   | You fall into a shaft and drop 2 floors!
 11881 | Lair:4   | Noticed a death yak
 11881 | Lair:4   | Noticed a death yak
 11881 | Lair:4   | Noticed a death yak
 11881 | Lair:4   | Noticed a death yak
 11881 | Lair:4   | Noticed a death yak
 11940 | Lair:3   | Killed a death yak
 11941 | Lair:3   | Reached skill level 10 in Armour
 11941 | Lair:3   | Reached skill level 10 in Shields
 11942 | Lair:3   | Killed a death yak
 12364 | Lair:2   | Your ally Boderik died
 12435 | Lair:2   | Identified the +2 pair of gloves "Qufuivish" {SInv}
 12569 | Lair:2   | Reached ***** piety under Beogh
 12579 | Lair:2   | Reached XP level 13. HP: 112/117 MP: 22/22
 12596 | Lair:2   | Found a staircase to the Swamp.
 12601 | Lair:2   | Reached skill level 15 in Axes
 13280 | Lair:3   | Noticed Amaemon
 13291 | Lair:3   | Killed Amaemon
 13356 | Lair:3   | Found a hole to the Spider Nest.
 13799 | Lair:4   | Found a transporter.
 13849 | Lair:4   | Found a transporter.
 14006 | Lair:4   | Found a one-way gate to the infinite horrors of the Abyss.
 14006 | Lair:4   | Noticed Raneoc's ghost (journeyman MiFi)
 14011 | Lair:4   | Noticed a rakshasa
 14371 | Lair:5   | Entered Level 5 of the Lair of Beasts
 14386 | Lair:5   | Reached skill level 15 in Fighting
 14526 | Lair:5   | Found a staircase to the Slime Pits.
 14674 | Lair:5   | Reached XP level 14. HP: 105/137 MP: 23/23
 15099 | Lair:5   | Identified the ring of Firin {Contam rElec rN+++ Dex+6
                  | Slay+3}
 15109 | Lair:5   | Identified the staff of fire "Zeydutrao" {rF+ rN++}
 15130 | Lair:5   | Reached ****** piety under Beogh
 15140 | Lair:5   | Gained Boghold as an ally
 15551 | Orc:1    | Entered Level 1 of the Orcish Mines
 15606 | Orc:1    | Reached skill level 1 in Dodging
 15624 | Orc:1    | Gained Morun as an ally
 15783 | Orc:2    | Entered Level 2 of the Orcish Mines
 15812 | Orc:2    | Noticed an orc warlord
 15818 | Orc:2    | Gained Morbeogh as an ally
 15826 | Orc:2    | Killed an orc warlord
 15864 | Orc:2    | Noticed Saint Roka
 15871 | Orc:2    | Gained Oreg as an ally
 15875 | Orc:2    | Killed from afar by an orc high priest

Illustrated notes

Levels and vault maps discovered:
D:1:      minmay_arrival_split_and_join, layout_loops_cross,
          minmay_tiny_reverse_x
D:2:      wander_river, layout_loops_cross,
          hellmonk_ecumenical_altar_inner_sanctum, serial_aquarium,
          aquarium_bridge_square [aquarium_subvault_window,
          aquarium_subvault_wall, aquarium_subvault_bridge,
          aquarium_subvault_wall], aquarium_window_double,
          aquarium_window_corner, aquarium_window_1, aquarium_view_2f,
          aquarium_view_2e, aquarium_balcony_5a, aquarium_pool_2
D:3:      layout_rooms, ebering_ghost_sewer_f
D:4:      layout_basic, mainiacjoe_overflow_brackets, serial_shops, shop_statue,
          nicolae_specific_store, minmay_misc_feat_four_crosses,
          minmay_misc_feat_ornament, minmay_quantized
D:5:      layout_loops_ring, minmay_temple_entry_stoned_glass,
          serial_bayou_pond_d
D:6:      layout_basic, minmay_between
D:7:      nicolae_BIG_FREAKIN_CUBE, layout_basic, mainiacjoe_overflow_24_doors,
          chequers_decorated_corner, uniq_joseph
D:8:      layout_rooms, lemuel_tele_altar, minmay_guarded_unrand_staff_of_olgreb
D:9:      minmay_curly_fans, layout_basic, bloody_trog, orc_0_dummy
D:10:     layout_cave_pools, serial_shops, nicolae_shop_peninsula,
          serial_column_ruins, column_ruins_grid_2, column_ruins_columns_corner,
          column_ruins_open_tiny, column_ruins_grid_1, column_ruins_open_large
D:11:     layout_gridville, david_lair_generic, uniq_urug, uniq_snorg
Lair:1:   layout_chaotic_city, ebering_ghost_rock_garden,
          cheibrodos_lair_caveside_slide, st_stairs_10, disabler_island
Lair:2:   layout_roguey, nicolae_swamp_entry_spooky, lemuel_fruit_tree,
          lemuel_fruit_fields
Lair:3:   layout_big_grid, nicolae_spider_entry_tight_spaces, minivault_27,
          uniq_amaemon
Lair:4:   layout_gridlike, gammafunk_ghost_abyssal_escape, st_stairs_11,
          minivault_19, minivault_19
Lair:5:   grunt_lair_end_beastmaster, layout_regular_city,
          dpeg_slime_entry_enclosed
Orc:1:    layout_caves, serial_shops, nicolae_shop_stone, shop, special_room
          [special_room_bee]
Orc:2:    grunt_orc_cross, layout_diamond_mine, basic_altar

Skill      XL: |  1  2  3  4  5  6  7  8  9 10 11 12 13 14 |
---------------+-------------------------------------------+-----
Axes           | 3 4 5 6 7 8 11 12 13 14 16 | 16.0
Fighting       | 4 5 6 7 8 11 16 | 16.6
Invocations    | 1 2 3 6 9 12 14 | 14.4
Armour         | 5 6 8 10 | 10.4
Shields        | 5 6 8 10 | 10.3
Evocations     | 3 5 6 |  6.2
Dodging        | 2 |  2.1

Action                     |  1- 3 |  4- 6 |  7- 9 | 10-12 | 13-15 || total
---------------------------+-------+-------+-------+-------+-------++-------
  Melee: War axe           |    80 |   158 |   264 |   229 |       ||   731
         Unarmed           |       |       |       |     1 |       ||     1
         Broad axe         |       |       |       |   241 |   384 ||   625
 Invoke: Convert to Beogh  |       |     1 |       |       |       ||     1
         Smiting           |       |       |       |     5 |       ||     5
         Recall Orcish Fol |       |       |       |     2 |     2 ||     4
  Evoke: Wand              |       |       |       |    15 |       ||    15
         Phial of floods   |       |       |       |       |     1 ||     1
    Use: Scroll            |     3 |    11 |     7 |     8 |     6 ||    35
         Potion            |     1 |       |     1 |     7 |       ||     9
   Stab: Distracted        |       |       |       |     4 |     2 ||     6
         Petrified         |       |       |       |       |     6 ||     6
 Armour: Scale mail        |    43 |    30 |       |       |       ||    73
         Chain mail        |       |    60 |    22 |       |       ||    82
         Plate armour      |       |       |   174 |   393 |   285 ||   852
  Dodge: Dodged            |    32 |    63 |    94 |   204 |   244 ||   637
  Block: Buckler           |    13 |    39 |    59 |   139 |   128 ||   378
